 Dungeon Crawl Stone Soup version 0.30-a0-40-gc6d0f036a7 (webtiles) character file.

Game seed: 13801091831555485516

42 ytrimaz the Insei (level 3, -1/23 HPs)
             Began as an Octopode Transmuter on Aug 29, 2022.
             Slain by a gnoll
             ... wielding a +0 halberd
              (11 damage)
             ... on level 2 of the Dungeon.
             The game lasted 00:01:34 (1911 turns).

ytrimaz the Insei (Octopode Transmuter)             Turns: 1911, Time: 00:01:35

Health: -1/23      AC:  1    Str:  9    XL:     3   Next: 56%
Magic:  1/6        EV: 13    Int: 17    God:
Gold:   54         SH:  0    Dex: 12    Spells: 0/6 levels left

rFire   . . .      SeeInvis .      - Unarmed
rCold   . . .      Faith    .    (no shield)
rNeg    . . .      Spirit   .    (helmet restricted)
rPois   .          Reflect  .    (no amulet)
rElec   .          Harm     .    (no ring)
rCorr   .          Rampage  .    (no ring)
Will    .....                    (no ring)
Stlth   ++........               (no ring)
HPRegen 0.07/turn                (no ring)
MPRegen 0.10/turn                (no ring)
                                 (no ring)
                                 (no ring)

@: no status effects
A: almost no armour, amphibious, 8 rings, camouflage 1, gelatinous body 1,
(nimble swimmer 1), tentacles
a: no special abilities


You were on level 2 of the Dungeon.
You visited 1 branch of the dungeon, and saw 2 of its levels.

You collected 54 gold pieces.

Inventory:

Scrolls
 b - a scroll of teleportation
 d - 2 scrolls of silence {unknown}
Potions
 a - 2 potions of lignification
 c - a potion of ambrosia {unknown}


   Skills:
 - Level 1.0 Fighting
 - Level 2.0 Dodging
 - Level 4.3 Unarmed Combat
 + Level 2.0 Spellcasting
 + Level 2.1 Transmutations
 * Level 0.6 Poison Magic


You couldn't memorise any spells.
You knew the following spells:

 Your Spells              Type           Power      Damage    Failure   Level
a - Beastly Appendage     Tmut           16%        N/A       9%          1
b - Wereblood             Tmut           8%         N/A       12%         2
c - Spider Form           Tmut/Pois      6%         N/A       32%         3

Your spell library contained the following spells:

 Spells                   Type           Power      Damage    Failure   Level
 Ignite Poison            Fire/Tmut/Pois 4%         N/A       36%         3
 Mephitic Cloud           Conj/Pois/Air  2%         N/A       47%         3
 Gell's Gravitas          Tloc           1%         N/A       50%         3
 Lesser Beckoning         Tloc           1%         N/A       50%         3
 Teleport Other           Tloc           1%         N/A       50%         3
 Ice Form                 Ice/Tmut       5%         N/A       77%         4
 Freezing Cloud           Conj/Ice/Air   0%         6-21      99%         5
 Conjure Ball Lightning   Conj/Air       0%         3x3d6     100%        6
 Discord                  Hex            0%         N/A       100%        8
 Disjunction              Tloc           0%         N/A       100%        8


Dungeon Overview and Level Annotations

Branches:
Dungeon (2/15)

Altars:


Innate Abilities, Weirdness & Mutations

You cannot wear most types of armour.
You are amphibious.
You can wear up to eight rings at the same time.
Your skin changes colour to match your surroundings (Stealth+).
Your rubbery body absorbs attacks. (AC +1, EV +1)
((You are camouflaged when in or above water. (Stealth+)))
You have tentacles for arms and can constrict up to eight enemies at once.


Message History

Unknown command.
Casting: Spider Form (extremely dangerous; 36% risk of failure)
Confirm with . or Enter, or press ? or * to list all spells.
The spell is extremely dangerous to miscast (36% risk of failure)!
Continue anyway?
You turn into a venomous arachnid creature.
Unknown command.
You climb downwards.
The frilled lizard misses you. The gnoll hits you but does no damage.
The gnoll closely misses you. The frilled lizard closely misses you.
There is a stone staircase leading up here.
Unknown command.
You bite the gnoll!
The gnoll is heavily wounded.
Your transformation is almost over.
The gnoll misses you.
The frilled lizard bites you but does no damage.
You barely miss the gnoll.
The gnoll is heavily wounded.
The frilled lizard closely misses you. The gnoll barely misses you.
You hit the gnoll.
You kill the gnoll!
The gnoll closely misses you.
The frilled lizard bites you but does no damage.
Unknown command.
You hit the frilled lizard.
You kill the frilled lizard!
The gnoll hits you from afar with a +0 halberd!
Ouch! That really hurt!
Your magical contamination has completely faded away.
Unknown command.
Your transformation has ended.
Casting: Spider Form (extremely dangerous; 32% risk of failure)
Confirm with . or Enter, or press ? or * to list all spells.
You don't have enough magic to cast this spell.
Unknown command.
Okay, then.
The gnoll barely misses you.
Okay, then.
The gnoll hits you with a +0 halberd!
You die...

### #.# #.# #@# #g#
#.##### #####+## #...g)#
#......## #####<#
#.###...## ####.##
#.#/#....## ##.#.g.#
#.###.....####......####
+.........'..............


You could see a gnoll.

Vanquished Creatures
  A gnoll (D:2)
  A dart slug (D:1)
  6 endoplasms (D:1)
  2 goblins (D:1)
  A hobgoblin (D:1)
  3 jackals (D:1)
  2 kobolds (D:1)
  A quokka (D:1)
  4 bats (D:1)
  4 frilled lizards
  5 rats (D:1)
30 creatures vanquished.

Notes
Turn   | Place    | Note
-------+----------+-------------------------------------------
     0 | D:1      | ytrimaz the Octopode Transmuter began the quest for the
                  | Orb.
     0 | D:1      | Reached XP level 1. HP: 13/13 MP: 3/3
   133 | D:1      | Found a faded altar of an unknown god.
   177 | D:1      | Reached XP level 2. HP: 7/18 MP: 5/5
   843 | D:1      | Reached skill level 4 in Unarmed Combat
   847 | D:1      | Reached XP level 3. HP: 10/23 MP: 6/6
  1887 | D:1      | Learned a level 2 spell: Wereblood
  1891 | D:1      | Learned a level 3 spell: Spider Form
  1911 | D:2      | Slain by a gnoll

Illustrated notes

Levels and vault maps discovered:
D:1:      dpeg_arrival_rooms_with_view, layout_basic,
          ebering_ecumenical_altar_petrified, dreamdust_mushroom_princess
D:2:      layout_loops_corners, serial_shops, nicolae_shop_hallway_stairs,
          kennysheep_cross_room, kennysheep_flooded_box, item_on_display_b

Skill      XL: |  1  2 |
---------------+-------+-----
Unarmed Combat | 4 |  4.3
Fighting       | |  1.0
Dodging        | |  2.0
Spellcasting   | |  2.0
Transmutations | |  2.1
Poison Magic   | |  0.6

Action                   || total
-------------------------++-------
Melee: Unarmed           ||    63
       Constrict         ||    14
       Tentacles         ||    12
       Punch             ||     1
       Kick              ||     9
 Cast: Beastly Appendage ||     9
       Spider Form       ||     1
  Use: Scroll            ||     5
 Stab: Sleeping          ||     4
Armor: Skin              ||     9
Dodge: Dodged            ||    56

Table legend: (Time is in decaauts)
 A = Elapsed time spent in this place.
 B = Non-inter-level travel time spent in this place.
 C = Inter-level travel time spent in this place.
 D = Time resting spent in this place.
 E = Time spent auto-exploring this place.
 F = Levels seen in this place.
 G = Mean time per level.
                   A        B        C        D        E       F      G
               +--------+--------+--------+--------+--------+-----+--------+
         Total |   1907 |   1872 |     35 |    241 |   1379 |   2 |  953.5 |
       Dungeon |   1907 |   1872 |     35 |    241 |   1379 |   2 |  953.5 |
               +--------+--------+--------+--------+--------+-----+--------+

Top non-repeatable levels by time:
     D:1: 1784 daAuts
     D:2: 123 daAuts
